 Dungeon Crawl Stone Soup version 0.28.0-43-g3370ac3207 (webtiles) character file.

Game seed: 13966852741702573440

11 nickcage the Sneak (level 2, 0/13 HPs)
             Began as a Spriggan Enchanter on Mar 18, 2022.
             Frozen to death by an endoplasm (3 damage)
             ... on level 1 of the Dungeon.
             The game lasted 00:01:54 (947 turns).

nickcage the Sneak (Spriggan Enchanter)              Turns: 947, Time: 00:01:55

Health: 0/13       AC:  2    Str:  4    XL:     2   Next: 17%
Magic:  6/6        EV: 17    Int: 16    God:
Gold:   21         SH:  0    Dex: 15    Spells: 4/6 levels left

rFire   . . .      SeeInvis +   a - +1 dagger
rCold   . . .      Faith    .   (no shield)
rNeg    . . .      Spirit   .   b - +0 robe
rPois   .          Reflect  .   (helmet restricted)
rElec   .          Harm     .   (no cloak)
rCorr   .          Rampage  .   (gloves unavailable)
Will    .....                   (boots unavailable)
Stlth   +++.......              (no amulet)
HPRegen 0.04/turn               (no ring)
MPRegen 0.10/turn               (no ring)

@: very quick
A: very small, no large weapons, unfitting armour, see invisible, speed 3
a: no special abilities


You were on level 1 of the Dungeon.
You visited 1 branch of the dungeon, and saw 1 of its levels.

You collected 21 gold pieces.

Inventory:

Hand Weapons
 a - a +1 dagger (weapon)
Armour
 b - a +0 robe (worn)
Scrolls
 f - a scroll of teleportation {unknown}
Potions
 c - a potion of invisibility
 d - a potion of lignification {unknown}
 e - 2 potions of haste {unknown}
 g - a potion of resistance {unknown}


   Skills:
 - Level 1.3 Short Blades
 - Level 2.7 Dodging
 - Level 4.8 Stealth
 - Level 2.7 Spellcasting
 + Level 4.0 Hexes


You had 4 spell levels left.
You knew the following spells:

 Your Spells              Type           Power      Damage    Failure   Level
a - Ensorcelled Hibernat  Hex/Ice        16%        N/A       13%         2

Your spell library contained the following spells:

 Spells                   Type           Power      Damage    Failure   Level
 Confusing Touch          Hex            15%        N/A       11%         3
 Tukima's Dance           Hex            15%        N/A       11%         3
 Dazzling Flash           Conj/Hex       16%        N/A       26%         3


Dungeon Overview and Level Annotations

Branches:
Dungeon (1/15)

Altars:


Innate Abilities, Weirdness & Mutations

You are very small and have problems with some larger weapons.
You are too small for most types of armour.
You have supernaturally acute eyesight. (SInv)
You cover ground extremely quickly. (Speed+++)


Message History

The bat hits you.
You hit the bat but do no damage.
The bat is moderately wounded.
The bat misses you.
You hit the bat but do no damage.
The bat is moderately wounded.
The bat closely misses you.
You barely miss the bat.
The bat is moderately wounded.
The bat hits you. The bat closely misses you.
You closely miss the bat.
The bat is moderately wounded.
The bat hits you.
You closely miss the bat.
The bat is moderately wounded.
The bat completely misses you.
You closely miss the bat.
The bat is moderately wounded.
The bat misses you. The bat hits you but does no damage.
You hit the bat.
The bat is severely wounded.
The bat misses you. The bat barely misses you.
You miss the bat.
The bat is severely wounded.
The bat misses you. The bat hits you.
* * * LOW HITPOINT WARNING * * *
You completely miss the bat.
The bat is severely wounded.
The bat hits you but does no damage.
You hit the bat.
You kill the bat!
Your Hexes skill increases to level 4!
You hit the endoplasm but do no damage.
The endoplasm is heavily wounded.
The endoplasm misses you.
You hit the endoplasm.
The endoplasm is severely wounded.
The endoplasm freezes you.
You are frozen.
You die...

#.############.#######
#.....................
#########.############..#####
....†..........#######..#
..#######...............#
#.############...####...#
#..............#.# #...#
#..###########.#.# #...# #..#
#.#@# .....) #..# #.#J#
.#...... #..# #.#.#
.......#.# #..# ###+#.##
....... . #..# #.....#
...#.##. #..# #.....#
#..##### #.....# #.......
+.....# ....##### #.....#


You could see an endoplasm.

Vanquished Creatures
  3 bats (D:1)
  An endoplasm (D:1)
  3 giant cockroaches (D:1)
  A hobgoblin (D:1)
  2 ball pythons (D:1)
10 creatures vanquished.

Notes
Turn   | Place    | Note
-------+----------+-------------------------------------------
     0 | D:1      | nickcage the Spriggan Enchanter began the quest for the
                  | Orb.
     0 | D:1      | Reached XP level 1. HP: 9/9 MP: 5/5
   789 | D:1      | Reached XP level 2. HP: 13/13 MP: 6/6
   792 | D:1      | Learned a level 2 spell: Ensorcelled Hibernation
   947 | D:1      | Frozen to death by an endoplasm

Illustrated notes

Levels and vault maps discovered:
D:1:      dpeg_arrival_orchard, layout_basic, ebering_ecumenical_altar_petrified

Skill      XL: |  1  2 |
---------------+-------+-----
Hexes          | 4 |  4.0
Short Blades   | |  1.3
Dodging        | |  2.7
Stealth        | |  4.8
Spellcasting   | |  2.7

Action                   || total
-------------------------++-------
Melee: Dagger            ||    68
       Punch             ||     2
 Stab: Sleeping          ||     1
Armor: Robe              ||    14
Dodge: Dodged            ||    51
